[Event "Titled Tuesday Blitz July 25 Early 2023"]
[White "Peiris, T G M"]
[Black "Hartikainen, Jarmo"]
[WhiteFideId "9901310"]
[BlackFideId "503134"]
[WhiteElo "2331"]
[BlackElo "2093"]
[Result "1-0"]
[Round "4"]
[TimeControl "180+2"]
[Date "2023.07.25"]
[WhiteClock "0:00:16"]
[BlackClock "0:00:11"]
[Board "240"]

1. e4 c5 2. Nf3 Nc6 3. d4 cxd4 4. Nxd4 Nf6 5. Nc3 d6 6. Bb5 Bd7 7. Bxc6 bxc6 8. Bg5 e5 9. Nf5 Bxf5 10. exf5 Be7 11. O-O O-O 12. f4 Qb6+ 13. Kh1 Qxb2 14. fxe5 dxe5 15. Qf3 e4 16. Qh3 Qxc2 17. Rac1 Qd3 18. Qh4 Rad8 19. h3 a5 20. Rfd1 Qc4 21. Re1 Qc5 22. Nxe4 Qxf5 23. Bxf6 Bxf6 24. Nxf6+ Qxf6 25. Qxf6 gxf6 26. Rxc6 Rd2 27. Rxf6 Rxa2 28. Re5 Kg7 29. Ra6 a4 30. Rg5+ Kh8 31. Rg4 a3 32. Rg3 Rg8 33. Rgxa3 Rxa3 34. Rxa3 Kg7 35. Rf3 Re8 36. Kh2 Re2 37. h4 Rd2 38. Kh3 Rc2 39. Kg4 Rc4+ 40. Rf4 Rxf4+ 41. Kxf4 Kf6 42. g4 h6 43. h5 Ke6 44. g5 hxg5+ 45. Kxg5 f6+ 46. Kg6 f5 47. h6 f4 48. h7 f3 49. h8=Q f2 50. Qf8 1-0


[Site "https://www.chess.com"]

[Event "Titled Tuesday Blitz July 25 Early 2023"]
[White "Wisniowski, Natalie"]
[Black "BenchGM"]
[WhiteFideId "30929261"]
[WhiteElo "2052"]
[BlackElo "2314"]
[Result "1-0"]
[Round "4"]
[TimeControl "180+2"]
[Date "2023.07.25"]
[WhiteClock "0:00:21"]
[BlackClock "0:00:01"]
[Board "242"]

1. e4 c5 2. d4 cxd4 3. c3 dxc3 4. Nxc3 Nc6 5. Nf3 e6 6. Bc4 Qc7 7. O-O Nf6 8. Re1 Bc5 9. h3 d6 10. Bf4 O-O 11. Bh2 Ne5 12. Bb3 Bd7 13. Qe2 a6 14. Rac1 b5 15. Red1 Rac8 16. Nb1 Qa7 17. Nbd2 Rfd8 18. Nxe5 dxe5 19. Bxe5 Bd4 20. Nf3 Rxc1 21. Rxc1 Bxe5 22. Nxe5 Be8 23. Rd1 Rc8 24. Qf3 Qc5 25. Nd3 Qc6 26. Re1 a5 27. Ne5 Qc5 28. Ng4 Nxg4 29. Qxg4 a4 30. Bd1 Qb4 31. Qe2 Rd8 32. a3 Qd2 33. Bc2 Qa5 34. Bd3 e5 35. Rc1 Qb6 36. Rc3 g6 37. Qc2 Qd4 38. Qe2 f6 39. Bxb5 1-0


[Site "https://www.chess.com"]

[Event "Titled Tuesday Blitz July 25 Early 2023"]
[White "Tosic, Srecko"]
[Black "Winkels, Marcel"]
[WhiteFideId "924563"]
[BlackFideId "1003887"]
[WhiteElo "2308"]
[BlackElo "2047"]
[Result "1-0"]
[Round "4"]
[TimeControl "180+2"]
[Date "2023.07.25"]
[WhiteClock "0:00:33"]
[BlackClock "0:00:17"]
[Board "243"]

1. e4 c5 2. Nf3 e6 3. d4 cxd4 4. Nxd4 Nc6 5. Nc3 Qc7 6. g3 a6 7. Bg2 Nf6 8. O-O Nxd4 9. Qxd4 Bc5 10. Qd3 d6 11. Na4 O-O 12. Nxc5 dxc5 13. a4 Bd7 14. Be3 b5 15. e5 Qxe5 16. Bxa8 Rxa8 17. axb5 c4 18. Qd4 Qxd4 19. Bxd4 Bxb5 20. Bxf6 gxf6 21. Rfd1 Kf8 22. Rd6 Ke7 23. Rb6 Rd8 24. c3 Rd2 25. h4 Rxb2 26. Raxa6 Bxa6 27. Rxb2 e5 28. Rb6 Bc8 29. h5 h6 30. f3 Be6 31. Rb8 f5 32. Rh8 Kf6 33. f4 e4 34. Rg8 Bd7 35. Kf2 Be6 36. Ke3 Ke7 37. Kd4 f6 38. Rg6 Kf7 39. Rxh6 Kg7 40. Rg6+ Kf7 41. g4 fxg4 42. Kxe4 f5+ 43. Ke5 Bd7 44. Rf6+ Kg7 45. h6+ Kg8 46. Rg6+ Kh7 47. Rg7+ Kxh6 48. Rxd7 Kh5 49. Kxf5 Kh4 50. Rh7+ Kg3 51. Rg7 Kf3 52. Rxg4 Ke3 53. Rg3+ Kd2 54. Ke4 Kc2 55. f5 Kb3 56. f6 Kc2 57. f7 Kb3 58. f8=Q Kc2 59. Kd4 Kb3 60. Qb4+ Kc2 61. Rg2+ 1-0


[Site "https://www.chess.com"]

[Event "Titled Tuesday Blitz July 25 Early 2023"]
[White "Maluco_do_Natal_00"]
[Black "Wimalasuriya, Kasun M."]
[BlackFideId "9906789"]
[WhiteElo "2040"]
[BlackElo "2306"]
[Result "0-1"]
[Round "4"]
[TimeControl "180+2"]
[Date "2023.07.25"]
[WhiteClock "0:00:06"]
[BlackClock "0:01:01"]
[Board "244"]

1. e4 c6 2. d4 d5 3. Nc3 dxe4 4. Nxe4 Nd7 5. Nf3 Ngf6 6. Nxf6+ Nxf6 7. Bd3 Bg4 8. c3 e6 9. h3 Bh5 10. O-O Bd6 11. Re1 Qc7 12. b4 O-O 13. Bg5 Bg6 14. Bxg6 hxg6 15. Ne5 Nd7 16. Nc4 Rfe8 17. Nxd6 Qxd6 18. Qf3 e5 19. Qg3 Qd5 20. Red1 Qc4 21. a3 f6 22. Be3 Nf8 23. dxe5 Rxe5 24. Rd4 Qxc3 25. Rad1 Rae8 26. Kh2 g5 27. Rd8 Qxa3 28. Rxe8 Rxe8 29. Qd6 a5 30. Bc5 axb4 31. Bxb4 Qb3 32. Rd2 Qe6 33. Qd3 Qe5+ 34. g3 Qe4 35. Qb3+ Qe6 36. Qc3 g4 37. hxg4 Qxg4 38. Rd4 Qe6 39. Rh4 Ng6 40. Qc2 Ne5 41. Qh7+ Kf7 42. Qh5+ Ng6 43. Rg4 f5 44. Rg5 Rh8 45. Rxf5+ Qxf5 0-1


[Site "https://www.chess.com"]

[Event "Titled Tuesday Blitz July 25 Early 2023"]
[White "Grekh, Andrey"]
[Black "Bogumil, Tatiana"]
[WhiteFideId "14112418"]
[BlackFideId "4110579"]
[WhiteElo "2302"]
[BlackElo "2032"]
[Result "1-0"]
[Round "4"]
[TimeControl "180+2"]
[Date "2023.07.25"]
[WhiteClock "0:00:43"]
[BlackClock "0:00:04"]
[Board "245"]

1. e4 e6 2. d4 d5 3. Nd2 dxe4 4. Nxe4 Bd7 5. Nf3 Bc6 6. Bd3 Nd7 7. O-O Ngf6 8. Qe2 Be7 9. c3 O-O 10. Bf4 Nxe4 11. Bxe4 Bxe4 12. Qxe4 c6 13. Ne5 Nf6 14. Qf3 Nd5 15. Rfe1 Bg5 16. Bxg5 Qxg5 17. Rad1 Rad8 18. Qg3 Qxg3 19. hxg3 Rfe8 20. Nd3 b6 21. f4 g6 22. Kf2 h5 23. Kf3 Nf6 24. Ne5 Rc8 25. c4 Red8 26. Rd3 Nd7 27. Red1 Nf6 28. b3 Kf8 29. b4 Rc7 30. g4 hxg4+ 31. Nxg4 Nxg4 32. Kxg4 Rcd7 33. Kf3 Ke7 34. Ke4 Rh8 35. Rh3 Rdd8 36. Rdh1 Rxh3 37. Rxh3 Kf6 38. g4 Rd7 39. Rh8 Kg7 40. Rc8 Rd6 41. Ke5 Rd7 42. Rxc6 f6+ 43. Ke4 Kf7 44. c5 bxc5 45. bxc5 Rb7 46. Ra6 Ke7 47. c6 Rc7 48. d5 Kd6 49. dxe6 Kxe6 50. f5+ gxf5+ 51. gxf5+ Kd6 52. Kd4 Rf7 53. c7+ 1-0


[Site "https://www.chess.com"]

[Event "Titled Tuesday Blitz July 25 Early 2023"]
[White "Graham, Nathaniel"]
[Black "UgarteCesar"]
[WhiteFideId "2007983"]
[WhiteElo "1971"]
[BlackElo "2297"]
[Result "1/2-1/2"]
[Round "4"]
[TimeControl "180+2"]
[Date "2023.07.25"]
[WhiteClock "0:01:13"]
[BlackClock "0:02:40"]
[Board "246"]

1. e4 c5 2. Nf3 Nc6 3. d4 cxd4 4. Nxd4 Qb6 5. Nb3 Nf6 6. Nc3 e6 7. Be3 Qc7 8. Bd3 a6 9. a4 b6 10. O-O Bb7 11. f4 d6 12. Qf3 Be7 13. Kh1 O-O 14. Qh3 g6 15. f5 Bc8 16. Bh6 Re8 17. Bg5 Rf8 18. Bh6 Re8 19. Bg5 Rf8 20. Bh6 1/2-1/2


[Site "https://www.chess.com"]

[Event "Titled Tuesday Blitz July 25 Early 2023"]
[White "Schut, Han"]
[Black "Lohani, Sujana"]
[WhiteFideId "1005561"]
[BlackFideId "12311987"]
[WhiteElo "2293"]
[BlackElo "1930"]
[Result "1-0"]
[Round "4"]
[TimeControl "180+2"]
[Date "2023.07.25"]
[WhiteClock "0:00:15"]
[BlackClock "0:00:01"]
[Board "247"]

1. e4 c5 2. Nf3 Nc6 3. d4 cxd4 4. Nxd4 g6 5. c4 Bg7 6. Be3 Nf6 7. Nc3 O-O 8. Be2 d6 9. Rc1 Bd7 10. Qd2 Rc8 11. f3 Ne5 12. b3 a6 13. O-O h5 14. h3 Kh7 15. Rfd1 Qa5 16. f4 Nc6 17. Bf3 Nxd4 18. Bxd4 Bc6 19. Kh1 e5 20. Be3 Rfd8 21. Qf2 exf4 22. Bb6 Qg5 23. Bxd8 Rxd8 24. b4 Ng8 25. a4 Bxc3 26. Rxc3 Bxa4 27. Rd5 Qf6 28. Rcd3 Bc6 29. e5 Qe6 30. Rxd6 Rxd6 31. exd6 Nf6 32. Bxc6 bxc6 33. c5 Nd7 34. Qxf4 Qe1+ 35. Kh2 Qe2 36. Qxf7+ Kh6 37. Qf4+ Kh7 38. Qe3 Qa2 39. Qe7+ Kh6 40. Qxd7 1-0


[Site "https://www.chess.com"]

[Event "Titled Tuesday Blitz July 25 Early 2023"]
[White "Mikheeva, Galina"]
[Black "Romero Arzuaga, Yudel"]
[WhiteFideId "44108320"]
[BlackFideId "3521010"]
[WhiteElo "1902"]
[BlackElo "2283"]
[Result "0-1"]
[Round "4"]
[TimeControl "180+2"]
[Date "2023.07.25"]
[WhiteClock "0:00:01"]
[BlackClock "0:01:07"]
[Board "248"]

1. e4 d5 2. exd5 Qxd5 3. Nc3 Qd8 4. Bc4 c6 5. d4 Bf5 6. Bf4 e6 7. Nge2 Nf6 8. O-O Bd6 9. Qd2 Qc7 10. Bxd6 Qxd6 11. a4 Nbd7 12. Bd3 Bg6 13. Bxg6 hxg6 14. Qf4 Qxf4 15. Nxf4 Nd5 16. Ncxd5 cxd5 17. Rfe1 O-O 18. Re3 Rfc8 19. c3 Nb6 20. Nd3 Nc4 21. Re2 b6 22. Rc1 Rc7 23. Kf1 a6 24. Ke1 Rb8 25. Nb4 Ra8 26. b3 Nd6 27. f3 Nf5 28. Kd2 a5 29. Nd3 Rac8 30. Ree1 Nh4 31. Re2 Nf5 32. Ree1 Rb8 33. Rc2 b5 34. axb5 Rxb5 35. Nc5 Nd6 36. Ra1 Nb7 37. Nxb7 Rcxb7 38. Ra3 Rxb3 39. Rxa5 Rb1 40. Ra8+ Kh7 41. Kd3 Rd1+ 42. Ke2 Rh1 43. h3 g5 44. Kf2 Kg6 45. Re8 Rd1 46. Ke2 Rbb1 47. Kf2 Rdc1 48. Rxc1 Rxc1 49. Rc8 f5 50. Rc6 Kf6 51. Ke2 Rc2+ 52. Kf1 g6 53. Kg1 Ke7 54. Kf1 Kd7 55. Rc5 Kd6 56. Rc8 e5 57. dxe5+ Kxe5 58. Rc6 Kf4 0-1


[Site "https://www.chess.com"]

[Event "Titled Tuesday Blitz July 25 Early 2023"]
[White "Dubov, Daniil"]
[Black "Terry, Renato"]
[WhiteFideId "24126055"]
[BlackFideId "3803457"]
[WhiteElo "3103"]
[BlackElo "2958"]
[Result "1-0"]
[Round "5"]
[TimeControl "180+2"]
[Date "2023.07.25"]
[WhiteClock "0:00:06"]
[BlackClock "0:00:00"]
[Board "1"]

1. Nf3 d5 2. g3 Nf6 3. Bg2 c6 4. d3 Bg4 5. h3 Bh5 6. g4 Bg6 7. Nh4 e5 8. e3 Bd6 9. O-O O-O 10. f4 Nfd7 11. Nxg6 fxg6 12. c4 d4 13. exd4 exd4 14. Na3 Qc7 15. Nc2 c5 16. b4 Nc6 17. b5 Ne7 18. Bd2 Rae8 19. Qf3 Ne5 20. Qe4 Nd7 21. Qxb7 Qd8 22. Rae1 g5 23. f5 Ne5 24. Bxg5 h6 25. Bh4 Nxd3 26. Re6 Nf4 27. Rxf4 Bxf4 28. Bxe7 Qa5 29. Qe4 Qd2 30. f6 Rf7 31. Bxc5 Rxe6 32. Qxe6 Qc1+ 33. Ne1 Be3+ 34. Kf1 gxf6 35. Bd5 Kh8 36. Qe8+ 1-0


[Site "https://www.chess.com"]

[Event "Titled Tuesday Blitz July 25 Early 2023"]
[White "Sarana, Alexey"]
[Black "Hovhannisyan, Robert"]
[WhiteFideId "24133795"]
[BlackFideId "13302507"]
[WhiteElo "3063"]
[BlackElo "2947"]
[Result "0-1"]
[Round "5"]
[TimeControl "180+2"]
[Date "2023.07.25"]
[WhiteClock "0:00:02"]
[BlackClock "0:00:06"]
[Board "2"]

1. c4 e5 2. Nc3 Bb4 3. Nd5 Be7 4. d4 exd4 5. Qxd4 Nf6 6. Nxe7 Qxe7 7. Bg5 Nc6 8. Qc3 d6 9. f3 Rg8 10. O-O-O Ne4 11. Bxe7 Nxc3 12. bxc3 Kxe7 13. e3 Be6 14. h4 h5 15. Nh3 Bxh3 16. Rxh3 Rae8 17. Rg3 Kf6 18. e4 Re5 19. Rd5 Ne7 20. Rd2 Ng6 21. Rh3 Rc5 22. Kc2 Ne5 23. Kb3 g6 24. Rd5 Ke7 25. Rxc5 dxc5 26. f4 Ng4 27. Be2 f5 28. Bxg4 hxg4 29. Re3 Kf6 30. exf5 gxf5 31. g3 Rd8 32. Kc2 Rd7 33. Re8 Re7 34. Rf8+ Rf7 35. Ra8 a6 36. Rb8 b6 37. Ra8 a5 38. Kb3 Re7 39. Rc8 Re3 40. Rxc7 Rxg3 41. Rc6+ Kg7 42. h5 Rh3 43. Rg6+ Kf7 44. Rg5 Kf6 45. Rg6+ Kf7 46. Rg5 Kf6 47. Ka4 Rf3 48. h6 Rh3 49. Kb5 Rxh6 50. Kxb6 Rg6 51. Rh5 g3 52. Rh1 Rg4 53. Rg1 Kg6 54. Kxc5 Kh5 55. Kd5 Rg8 56. c5 Kg4 57. c6 Kxf4 58. c7 Kg4 59. Rb1 Rc8 60. Kd6 f4 61. Kd7 Rxc7+ 62. Kxc7 f3 63. c4 f2 64. Rf1 Kf3 65. c5 g2 66. Rc1 f1=Q 67. Rc3+ Kg4 68. c6 g1=Q 69. Kb7 Qb1+ 70. Rb3 Qxb3+ 71. axb3 Qb1 72. c7 Qxb3+ 73. Ka6 Qc4+ 74. Kb6 a4 0-1


[Site "https://www.chess.com"]

[Event "Titled Tuesday Blitz July 25 Early 2023"]
[White "Bluebaum, Matthias"]
[Black "Aravindh, Chithambaram VR."]
[WhiteFideId "24651516"]
[BlackFideId "5072786"]
[WhiteElo "3054"]
[BlackElo "2935"]
[Result "1-0"]
[Round "5"]
[TimeControl "180+2"]
[Date "2023.07.25"]
[WhiteClock "0:00:16"]
[BlackClock "0:00:02"]
[Board "3"]

1. d4 Nf6 2. c4 b6 3. Nc3 Bb7 4. Qc2 d5 5. cxd5 Nxd5 6. Nf3 e6 7. e4 Nxc3 8. bxc3 Be7 9. Be3 O-O 10. Rd1 c5 11. d5 exd5 12. exd5 Nd7 13. c4 Bd6 14. Bd3 g6 15. h4 Ne5 16. Nxe5 Bxe5 17. h5 Qf6 18. Ke2 Rae8 19. Be4 Bf4 20. Bf3 Re5 21. Rd3 Rfe8 22. Qc3 Bxe3 23. fxe3 Rxe3+ 24. Rxe3 Qxc3 25. Rxe8+ Kg7 26. h6+ Kf6 27. Rd1 Qxc4+ 28. Kf2 Qxa2+ 29. Kg3 Qa4 30. Re4 Qd7 31. Rf4+ Kg5 32. Rg4+ Kxh6 33. d6 Bxf3 34. gxf3 f5 35. Rh4+ Kg7 36. Rhh1 a5 37. Rhe1 Kf6 38. Re7 f4+ 39. Kg2 Qa4 40. Ree1 Qd7 41. Rd2 c4 42. Re7 Qd8 43. Rc7 b5 44. d7 Qxc7 45. d8=Q+ Qxd8 46. Rxd8 Ke5 47. Kf2 b4 48. Ke2 c3 49. Kd3 h5 50. Ra8 Kf6 51. Rxa5 h4 52. Rb5 h3 53. Rxb4 h2 54. Rb1 Kg5 55. Rh1 Kh4 56. Rxh2+ Kg3 57. Rh6 Kxf3 58. Rxg6 Kf2 59. Kxc3 f3 60. Kd2 Kf1 61. Ke3 f2 62. Rf6 Ke1 63. Rxf2 1-0


[Site "https://www.chess.com"]

[Event "Titled Tuesday Blitz July 25 Early 2023"]
[White "Tari, Aryan"]
[Black "Bortnyk, Olexandr"]
[WhiteFideId "1510045"]
[BlackFideId "14120828"]
[WhiteElo "2920"]
[BlackElo "3047"]
[Result "0-1"]
[Round "5"]
[TimeControl "180+2"]
[Date "2023.07.25"]
[WhiteClock "0:00:01"]
[BlackClock "0:00:19"]
[Board "4"]

1. e4 Nf6 2. e5 Nd5 3. d4 d6 4. Nf3 dxe5 5. Nxe5 c6 6. h3 Nd7 7. Nf3 N7f6 8. Bd3 Nb4 9. Be2 Bf5 10. Na3 e6 11. O-O Bd6 12. c3 Nbd5 13. Nc4 Bc7 14. a4 O-O 15. Re1 h6 16. Bd3 Bxd3 17. Qxd3 Qe7 18. Nfe5 c5 19. dxc5 Qxc5 20. b4 Qe7 21. Qf3 Rac8 22. Bd2 Rfd8 23. Re2 Nh7 24. h4 Qf6 25. Qe4 Qf5 26. Qxf5 exf5 27. Rae1 Nhf6 28. f3 Bxe5 29. Nxe5 Nxc3 30. Bxc3 Rxc3 31. Re3 Rxe3 32. Rxe3 Rd4 33. Rc3 Rxh4 34. Rc8+ Kh7 35. b5 Rxa4 36. Nxf7 a6 37. bxa6 bxa6 38. Nd6 Kg6 39. Rc5 f4 40. Nf5 a5 41. Nh4+ Kh7 42. Rc7 Ra1+ 43. Kh2 Nh5 44. Nf5 Kg6 45. Rc5 Kf6 46. Kh3 a4 47. Kg4 g6 48. Nxh6 a3 49. Rc6+ Ke7 50. Rxg6 Nf6+ 51. Kf5 Rh1 52. Rg7+ Ke8 53. Kxf6 Rxh6+ 54. Kf5 Ra6 55. Rc7 a2 56. Rc1 a1=Q 0-1


[Site "https://www.chess.com"]

[Event "Titled Tuesday Blitz July 25 Early 2023"]
[White "Galchenko, Matvey"]
[Black "Pranav, V"]
[WhiteFideId "24175480"]
[BlackFideId "25060783"]
[WhiteElo "2906"]
[BlackElo "3013"]
[Result "1-0"]
[Round "5"]
[TimeControl "180+2"]
[Date "2023.07.25"]
[WhiteClock "0:00:45"]
[BlackClock "0:00:19"]
[Board "5"]

1. f4 d5 2. Nf3 Nh6 3. g3 g6 4. Bg2 Bg7 5. O-O O-O 6. d3 c5 7. Nc3 Nc6 8. e4 dxe4 9. dxe4 Nd4 10. h3 Kh8 11. Be3 Be6 12. e5 Nhf5 13. Bf2 Nxf3+ 14. Qxf3 Qa5 15. Rad1 Rab8 16. g4 Nd4 17. Bxd4 cxd4 18. Rxd4 Qb6 19. Qe3 f6 20. Na4 Qa5 21. exf6 Bxf6 22. Re4 Bd5 23. Re5 Qxa4 24. Rxd5 Qxa2 25. g5 Bg7 26. Qxe7 Qxb2 27. f5 Rbe8 28. Qd7 Qb6+ 29. Kh1 Rd8 30. Qe7 Rxd5 31. f6 Rg8 32. fxg7+ Rxg7 33. Rf8+ Rg8 34. Rxg8+ Kxg8 35. Bxd5+ Kh8 36. Qf8# 1-0


[Site "https://www.chess.com"]

[Event "Titled Tuesday Blitz July 25 Early 2023"]
[White "Iturrizaga Bonelli, Eduardo"]
[Black "Movahed, Sina"]
[WhiteFideId "3901211"]
[BlackFideId "42520835"]
[WhiteElo "2898"]
[BlackElo "2984"]
[Result "1-0"]
[Round "5"]
[TimeControl "180+2"]
[Date "2023.07.25"]
[WhiteClock "0:00:10"]
[BlackClock "0:00:06"]
[Board "6"]

1. c4 Nf6 2. g3 g6 3. Bg2 Bg7 4. Nc3 O-O 5. d4 d6 6. Nf3 Nbd7 7. O-O e5 8. e4 exd4 9. Nxd4 Re8 10. Qc2 Ne5 11. b3 c6 12. h3 h5 13. Bg5 Qc7 14. Rad1 Nh7 15. Be3 a5 16. f4 Nd7 17. Ndb5 cxb5 18. Nxb5 Qb8 19. Nxd6 Rf8 20. e5 Ra6 21. c5 Qc7 22. Bd5 Ndf6 23. exf6 Nxf6 24. Bg2 Bd7 25. f5 Bxf5 26. Nxf5 gxf5 27. Bf4 Qc8 28. Bd6 Ne4 29. Bxe4 fxe4 30. Bxf8 Bxf8 31. Kg2 Re6 32. Rf5 e3 33. Rg5+ Bg7 34. Qe2 Qc6+ 35. Kh2 Qe4 36. Rd8+ Kh7 37. Rxh5+ Bh6 38. Rd6 Rxd6 39. cxd6 Qd4 40. d7 Kg7 41. Qg4+ Qxg4 42. hxg4 e2 43. Re5 1-0


[Site "https://www.chess.com"]

[Event "Titled Tuesday Blitz July 25 Early 2023"]
[White "Bernadskiy, Vitaliy"]
[Black "Bok, Benjamin"]
[WhiteFideId "14100371"]
[BlackFideId "1017063"]
[WhiteElo "2895"]
[BlackElo "2970"]
[Result "0-1"]
[Round "5"]
[TimeControl "180+2"]
[Date "2023.07.25"]
[WhiteClock "0:00:14"]
[BlackClock "0:00:15"]
[Board "7"]

1. d4 Nf6 2. Bg5 d5 3. Nd2 Bf5 4. Ngf3 e6 5. e3 Nbd7 6. c4 c6 7. Qb3 Qb6 8. c5 Qc7 9. Bf4 Qc8 10. Nh4 Bg6 11. Nxg6 hxg6 12. h3 Be7 13. Be2 Bd8 14. Qc3 Bc7 15. O-O Bxf4 16. exf4 Qc7 17. Qe3 Rh4 18. g3 Rxh3 19. Kg2 Rh6 20. Rh1 Ke7 21. b4 Rah8 22. a4 Rxh1 23. Rxh1 Rxh1 24. Kxh1 b6 25. Kg2 bxc5 26. dxc5 a5 27. Nb3 axb4 28. a5 Ne4 29. Qd4 Qa7 30. a6 Nexc5 31. Na5 Qb6 32. a7 Qxa5 0-1


[Site "https://www.chess.com"]

[Event "Titled Tuesday Blitz July 25 Early 2023"]
[White "Harsha Bharathakoti"]
[Black "Kovalev, Vladislav"]
[WhiteFideId "5078776"]
[BlackFideId "13504398"]
[WhiteElo "2881"]
[BlackElo "2966"]
[Result "0-1"]
[Round "5"]
[TimeControl "180+2"]
[Date "2023.07.25"]
[WhiteClock "0:00:03"]
[BlackClock "0:00:04"]
[Board "8"]

1. Nf3 Nf6 2. g3 d5 3. Bg2 g6 4. O-O Bg7 5. c4 c6 6. d4 O-O 7. cxd5 cxd5 8. Ne5 Ng4 9. Nxg4 Bxg4 10. Nc3 Nc6 11. h3 Be6 12. e3 Qd7 13. Kh2 Rac8 14. Bd2 Na5 15. b3 b6 16. Rc1 h5 17. Qe2 Qd6 18. Nb5 Qd7 19. Nc3 Qd6 20. h4 Bf6 21. Kg1 Qd7 22. Qb5 Rcd8 23. Qxd7 Rxd7 24. Na4 Nb7 25. Rc6 Bf5 26. Rfc1 e6 27. Bb4 Rfd8 28. Nc3 Be7 29. Bxe7 Rxe7 30. Bf1 Nd6 31. Bg2 Bd3 32. a4 Ba6 33. Na2 Bb7 34. R6c3 Rc8 35. Rxc8+ Nxc8 36. Nb4 Nd6 37. Bf1 Kf8 38. Ba6 Ke8 39. Bxb7 Rxb7 40. Kf1 Kd7 41. Ke2 a5 42. Nd3 Ke7 43. Ne5 b5 44. Nc6+ Kd7 45. Nxa5 Rb6 46. axb5 Rxb5 47. Ra1 Kc7 48. Kd3 Kb6 49. b4 Rxb4 50. Kc3 Rb5 51. Nb3 Ne4+ 52. Kc2 Rb4 53. f3 Nxg3 54. Nc5 Nf5 55. Kd3 Kc6 56. Ra7 e5 57. Rxf7 exd4 58. Ne6 dxe3 59. Rf6 Kd7 60. Rxg6 Rb3+ 61. Ke2 Rb2+ 62. Kd3 Rd2+ 63. Kc3 d4+ 64. Kc4 e2 65. Nc5+ Kc8 66. Re6 Rc2+ 67. Kd5 Ne3+ 68. Kc6 Rxc5+ 0-1


[Site "https://www.chess.com"]

[Event "Titled Tuesday Blitz July 25 Early 2023"]
[White "ArtemDyachuk"]
[Black "Anton Guijarro, David"]
[BlackFideId "2285525"]
[WhiteElo "2616"]
[BlackElo "2964"]
[Result "0-1"]
[Round "5"]
[TimeControl "180+2"]
[Date "2023.07.25"]
[WhiteClock "0:00:15"]
[BlackClock "0:01:15"]
[Board "9"]

1. e4 c6 2. d4 a6 3. c4 d5 4. cxd5 cxd5 5. e5 Nc6 6. Nc3 Bf5 7. Nf3 e6 8. Be2 Nge7 9. O-O Nc8 10. Be3 Nb6 11. Nd2 Be7 12. g4 Bg6 13. f4 f6 14. exf6 Bxf6 15. Nf3 O-O 16. Ne5 Bxe5 17. fxe5 Nc4 18. Bxc4 dxc4 19. Rxf8+ Qxf8 20. Qe2 Bd3 21. Qg2 Rd8 22. d5 exd5 23. Bg5 Qc5+ 24. Kh1 d4 25. Bxd8 dxc3 26. Bb6 Qxe5 27. Bc7 Qxc7 28. Qd5+ Qf7 29. Qxf7+ Kxf7 30. bxc3 0-1


[Site "https://www.chess.com"]

[Event "Titled Tuesday Blitz July 25 Early 2023"]
[White "Vachier-Lagrave, Maxime"]
[Black "Kravtsiv, Martyn"]
[WhiteFideId "623539"]
[BlackFideId "14113147"]
[WhiteElo "3125"]
[BlackElo "2838"]
[Result "1-0"]
[Round "5"]
[TimeControl "180+2"]
[Date "2023.07.25"]
[WhiteClock "0:00:18"]
[BlackClock "0:00:00"]
[Board "10"]

1. Nf3 d5 2. g3 Nf6 3. Bg2 e6 4. b3 Be7 5. Bb2 c5 6. e3 O-O 7. c4 Nc6 8. O-O d4 9. exd4 cxd4 10. Re1 a5 11. Na3 Bc5 12. Nb5 Ra6 13. d3 Re8 14. Ne5 Na7 15. Rc1 Bb4 16. Re2 Nxb5 17. cxb5 Ra8 18. Rc4 Bc3 19. Bxc3 dxc3 20. Rxc3 Nd5 21. Rc4 f6 22. Nf3 e5 23. Qd2 Nb6 24. Rc1 a4 25. b4 Be6 26. a3 Rc8 27. Ree1 Qd7 28. Rc5 Nd5 29. d4 Rxc5 30. dxc5 Rd8 31. b6 Nxb6 32. cxb6 Qxd2 33. Nxd2 Rxd2 34. Bxb7 Rd6 35. Rc1 Rxb6 36. Bc6 Bb3 37. f4 Kf7 38. fxe5 fxe5 39. Kf2 Ke6 40. Ke3 Rb8 41. Be4 h6 42. Rc6+ Ke7 43. h4 Rd8 44. Rc7+ Kf6 45. Bd3 Rd4 46. b5 Rg4 47. b6 Rxg3+ 48. Kf2 Rxd3 49. b7 1-0


[Site "https://www.chess.com"]

[Event "Titled Tuesday Blitz July 25 Early 2023"]
[White "Shimanov, Aleksandr"]
[Black "Cordova, Emilio"]
[WhiteFideId "4198603"]
[BlackFideId "3801497"]
[WhiteElo "3012"]
[BlackElo "2830"]
[Result "0-1"]
[Round "5"]
[TimeControl "180+2"]
[Date "2023.07.25"]
[WhiteClock "0:00:00"]
[BlackClock "0:00:47"]
[Board "11"]

1. e4 c5 2. d4 cxd4 3. Qxd4 Nc6 4. Qd3 b6 5. Nc3 Bb7 6. Nf3 d6 7. Be2 Nf6 8. O-O Nd7 9. Bg5 h6 10. Be3 e6 11. Rad1 a6 12. Bf4 Nde5 13. Qe3 Qc7 14. Nd2 Be7 15. Kh1 g5 16. Bg3 h5 17. h3 h4 18. Bh2 b5 19. a4 b4 20. Na2 Rg8 21. c3 bxc3 22. Nxc3 g4 23. hxg4 Nxg4 24. Bxg4 Rxg4 25. Nc4 Ne5 26. Nxe5 dxe5 27. Qh6 Rg8 28. Qh7 Kf8 29. Rd3 Bf6 30. f4 Rh8 31. Qxh8+ Bxh8 32. fxe5 Rd8 33. Rdf3 Rd7 34. Bf4 Bxe5 35. Bh6+ Ke8 36. Bg5 Bg3 37. Rf6 Qc4 38. Rg1 Qc5 0-1


[Site "https://www.chess.com"]

[Event "Titled Tuesday Blitz July 25 Early 2023"]
[White "Elsa167"]
[Black "Kramnik, Vladimir"]
[BlackFideId "4101588"]
[WhiteElo "2789"]
[BlackElo "2987"]
[Result "0-1"]
[Round "5"]
[TimeControl "180+2"]
[Date "2023.07.25"]
[WhiteClock "0:00:00"]
[BlackClock "0:00:03"]
[Board "12"]

1. d4 Nf6 2. c4 e6 3. Nf3 d5 4. Nc3 c6 5. Bg5 h6 6. Bxf6 Qxf6 7. Qc2 Nd7 8. e4 dxc4 9. Bxc4 e5 10. d5 Nb6 11. Bb3 Bg4 12. Nd2 Bc5 13. O-O O-O 14. dxc6 bxc6 15. Nd1 Bd4 16. Ne3 Bh5 17. Nf5 Rad8 18. Nc4 c5 19. Nce3 Kh7 20. a4 g6 21. Ng3 Qg5 22. a5 Nd7 23. Nd5 Bg4 24. Kh1 h5 25. h3 Be6 26. Ne2 Rb8 27. f4 exf4 28. Nexf4 Ne5 29. Rab1 Qg3 30. Bc4 Bxd5 31. Bxd5 Kg7 32. Ne2 Qe3 33. Nxd4 cxd4 34. Rbe1 Qg3 35. Rd1 d3 36. Qc3 Kh7 37. Qd4 a6 38. b4 Kg8 39. Rd2 Rfd8 40. Qa7 Rf8 41. Bxf7+ Nxf7 42. Rxf7 Rxf7 43. Qg1 Qf4 44. Rd1 Qxe4 45. Rxd3 Qxd3 46. Qh2 Rf1+ 0-1


[Site "https://www.chess.com"]

[Event "Titled Tuesday Blitz July 25 Early 2023"]
[White "Vakhlamov, Igor L."]
[Black "Martinez Alcantara, Jose Eduardo"]
[WhiteFideId "24126748"]
[BlackFideId "3805662"]
[WhiteElo "2773"]
[BlackElo "2984"]
[Result "0-1"]
[Round "5"]
[TimeControl "180+2"]
[Date "2023.07.25"]
[WhiteClock "0:00:00"]
[BlackClock "0:01:22"]
[Board "13"]

1. e4 c5 2. Nf3 d6 3. Nc3 a6 4. d4 cxd4 5. Qxd4 Nc6 6. Qd3 g6 7. Be2 Bg7 8. O-O Nf6 9. Nd5 O-O 10. Bg5 Nd7 11. c3 h6 12. Bh4 g5 13. Bg3 Nc5 14. Qe3 e6 15. Nb4 f5 16. exf5 exf5 17. Bc4+ Kh8 18. Nxg5 hxg5 19. Bxd6 Qxd6 20. Rad1 f4 21. Qe2 f3 22. gxf3 Qf4 23. Rd5 Be5 24. Rxe5 Nxe5 25. Nd5 Nxf3+ 0-1


[Site "https://www.chess.com"]

[Event "Titled Tuesday Blitz July 25 Early 2023"]
[White "Megaranto, Susanto"]
[Black "Salinas Herrera, Pablo"]
[WhiteFideId "7101384"]
[BlackFideId "3407128"]
[WhiteElo "2933"]
[BlackElo "2851"]
[Result "1-0"]
[Round "5"]
[TimeControl "180+2"]
[Date "2023.07.25"]
[WhiteClock "0:00:53"]
[BlackClock "0:00:57"]
[Board "14"]

1. e4 c5 2. Nf3 e6 3. c3 d5 4. exd5 exd5 5. d4 Nc6 6. Bb5 Bd6 7. O-O Ne7 8. dxc5 Bxc5 9. Nbd2 O-O 10. Nb3 Bb6 11. Re1 Qd6 12. Be3 Bxe3 13. Rxe3 Bf5 14. Bd3 Bxd3 15. Qxd3 Ng6 16. Rae1 Rad8 17. Nbd4 a6 18. h4 Nf4 19. Qd2 Na5 20. b3 Nc6 21. g3 Nh5 22. Nf5 Qc7 23. N3d4 Kh8 24. R3e2 h6 25. Nxh6 Nf6 26. Nhf5 Ne4 27. Rxe4 dxe4 28. Qg5 Qe5 29. Nxc6 bxc6 30. Qh5+ Kg8 31. Nh6+ gxh6 32. Qxe5 1-0


[Site "https://www.chess.com"]